 Seeded DCSS version 0.29-a0-284-gf9362112df (webtiles) character file.

Game seed: 20220313 (custom seed)

17003 muata the Tortoise (level 12, -14/166 HPs)
             Began as a Minotaur Berserker on Mar 13, 2022.
             Was a High Priest of Trog.
             Demolished by a skeletal warrior
             ... wielding a +0 long sword
             ... led by a skeletal warrior
              (19 damage)
             ... on level 11 of the Dungeon on Mar 19, 2022.
             The game lasted 00:36:37 (10155 turns).

muata the Tortoise (Minotaur Berserker)            Turns: 10155, Time: 00:36:37

Health: -14/166    AC: 23    Str: 30    XL:     12   Next: 15%
Magic:  11/11      EV:  9    Int:  4    God:    Trog [*****.]
Gold:   859        SH:  0    Dex: 13    Spells: 11/11 levels left

rFire   + + .      SeeInvis .   m - +5 long sword of Eternal War {spect, rF++ Will- Str+3 Dex+3}
rCold   . . .      Faith    .   (no shield)
rNeg    . . .      Spirit   .   s - +0 plate armour
rPois   .          Reflect  .   t - +2 hat {Will+}
rElec   .          Harm     .   A - +0 cloak
rCorr   .          Rampage  .   Q - +0 pair of gloves
Will    .....                   E - +0 pair of boots
Stlth   ..........              o - amulet of regeneration
HPRegen 1.17/turn               j - ring of flight
MPRegen 0.12/turn               (no ring)

@: berserking, flying, very quick
A: horns 2, retaliatory headbutt
a: Renounce Religion, Berserk, Trog's Hand, Brothers in Arms


You were on level 11 of the Dungeon.
You worshipped Trog.
Trog was extremely pleased with you.
You visited 3 branches of the dungeon, and saw 14 of its levels.
You also visited: Ossuary.

You collected 859 gold pieces.

Inventory:

Hand Weapons
 m - the +5 long sword of Eternal War (weapon) {spect, rF++ Will- Str+3 Dex+3}
   (You found it on level 2 of the Dungeon)

   When its wielder attacks, the weapon's spirit leaps out and strikes again.
   The spirit shares a part of any damage it takes with its wielder.
   Str:       It affects your strength (+3).
   Dex:       It affects your dexterity (+3).
   rF:        It greatly protects you from fire.
   Will:      It decreases your willpower.
Missiles
 k - 6 atropa-tipped darts
 r - 17 poisoned darts (quivered)
 z - a throwing net
Armour
 f - +0 swamp dragon scales
 s - a +0 plate armour (worn)
 t - a +2 hat of willpower (worn)
 A - a +0 cloak (worn)
 E - a +0 pair of boots (worn)
 H - a +2 hat
 Q - a +0 pair of gloves (worn)
Jewellery
 j - a ring of flight (left hand)
 o - an amulet of regeneration (around neck)
 u - an amulet of faith
 N - an amulet of reflection
Wands
 a - a wand of paralysis (6)
 w - a wand of iceblast (21)
 B - a wand of acid (5)
 F - a wand of flame (25)
 O - a wand of digging (4)
Scrolls
 d - a scroll of enchant armour {unknown}
 e - 2 scrolls of amnesia {unknown}
 g - 3 scrolls of blinking
 h - 2 scrolls of enchant weapon {unknown}
 i - 7 scrolls of teleportation
 l - 2 scrolls of fear
 x - a scroll of immolation {unknown}
 y - 4 scrolls of vulnerability {unknown}
 C - a scroll of silence {unknown}
 D - 4 scrolls of fog {unknown}
 P - a scroll of torment {unknown}
Potions
 b - a potion of lignification {unknown}
 c - 7 potions of curing
 n - 2 potions of mutation {unknown}
 p - a potion of berserk rage {unknown}
 q - 4 potions of heal wounds
 v - a potion of attraction {unknown}
 G - a potion of ambrosia {unknown}
 I - a potion of resistance {unknown}
 J - a potion of cancellation {unknown}
 K - 3 potions of might {unknown}
 L - 2 potions of flight {unknown}
 M - a potion of haste {unknown}
Miscellaneous
 R - a phantom mirror


   Skills:
 + Level 11.7 Fighting
 - Level 14.4 Long Blades
 - Level 4.6 Axes
 - Level 15.0 Armour
 + Level 2.9 Dodging


You had 11 spell levels left.
You didn't know any spells.
Your spell library was empty.

Dungeon Overview and Level Annotations

Branches:
Dungeon (11/15)            Temple (0/1) D:5            Lair (2/6) D:9
    Orc (1/2) D:9         Ossuary (visited)
  Swamp: Lair:2-4    Shoals: Lair:2-4     Snake: Lair:2-4    Spider: Lair:2-4

Altars:
Cheibriados
Gozag
Ru
Sif Muna
Wu Jian
Xom
Beogh

Shops:
D:6 =


Innate Abilities, Weirdness & Mutations

You have a pair of horns on your head.
You reflexively headbutt those who attack you in melee.


Message History

You start resting.
HP restored.
You fly downwards.
The skeletal warrior hits you with a +0 hand axe! x2
There is a stone staircase leading up, spattered with blood here.
You hit the skeletal warrior but do no damage.
Your headbutt misses the skeletal warrior.
You punch the skeletal warrior, but do no damage.
The skeletal warrior is heavily damaged.
The skeletal warrior hits you with a +0 hand axe!
You closely miss the skeletal warrior.
The skeletal warrior is heavily damaged.
You barely miss the skeletal warrior.
The skeletal warrior is heavily damaged.
The skeletal warrior hits you with a +0 long sword.
The skeletal warrior hits you with a +0 hand axe!
The skeletal warrior hits you with a +1 long sword of electrocution!
You hit the skeletal warrior but do no damage.
Your headbutt misses the skeletal warrior.
The skeletal warrior is heavily damaged.
The skeletal warrior hits you but does no damage.
The skeletal warrior hits you with a +0 hand axe!!
The skeletal warrior closely misses you.
A red film seems to cover your vision as you go berserk!
You feel yourself moving faster!
You feel mighty!
The skeletal warrior hits you with a +0 long sword!
* * * LOW HITPOINT WARNING * * *
The skeletal warrior hits you with a +0 hand axe.
* * * LOW HITPOINT WARNING * * *
The skeletal warrior hits you with a +1 long sword of electrocution!!
* * * LOW HITPOINT WARNING * * *
You are electrocuted!!
* * * LOW HITPOINT WARNING * * *
You barely miss the skeletal warrior.
Your headbutt misses the skeletal warrior.
The skeletal warrior is heavily damaged.
You hit the skeletal warrior.
The skeletal warrior is heavily damaged.
The skeletal warrior hits you with a +0 long sword!!
You die...

................
................
................
................
..............
...........#
..........#
......zzz##
.^....<@##
#########


You could see 3 skeletal warriors.

Vanquished Creatures
  Gastronok (D:8)
  A hydra (Lair:1)
  Erolcha (Orc:1)
  A two-headed ogre (D:10)
  A skeletal warrior (D:10)
  Pikel (D:6)
  An elephant (D:9)
  4 cane toads
  An unseen horror (D:10)
  A komodo dragon (Lair:1)
  Maggie (D:7)
  A troll (Orc:1)
  A polar bear (Lair:1)
  Sigmund (D:6)
  2 wyverns
  Eustachio (D:5)
  31 yaks
  A steam dragon (D:6)
  A redback (Lair:2)
  An acid dragon (D:10)
  6 water moccasins
  An ice beast (D:6)
  4 orc warriors
  3 sky beasts
  4 black bears
  4 centaurs
  An ogre (D:6)
  A phantom (D:6)
  3 kobold brigands
  3 bullfrogs
  3 necrophages
  2 scorpions
  7 water moccasin zombies (Ossuary)
  8 wights
  6 killer bees (D:9)
  2 electric eels (D:8)
  3 howler monkeys
  4 orc priests
  Crazy Yiuf (D:7)
  A gnoll shaman (D:7)
  3 hounds
  4 iguanas
  10 orc wizards
  2 mummies (Ossuary)
  17 gnolls
  5 adders
  A shadow imp (D:6)
  2 white imps
  3 ufetubi (D:5)
  3 adder zombies (Ossuary)
  A worm (D:2)
  3 dart slugs
  31 orcs
  6 endoplasms
  3 giant cockroaches
  8 goblins
  3 hobgoblins
  4 quokkas
  10 ball pythons
  4 bats
  3 frilled lizards
  4 gnoll zombies (Ossuary)
  3 hobgoblin zombies (Ossuary)
  17 kobolds
  3 kobold zombies (Ossuary)
  7 orc zombies (Ossuary)
  6 rats
287 creatures vanquished.

Vanquished Creatures (others)
  4 fungi
  3 plants
  4 toadstools (D:1)
11 creatures vanquished.

Grand Total: 298 creatures vanquished

Notes
Turn   | Place    | Note
-------+----------+-------------------------------------------
     0 | D:1      | muata the Minotaur Berserker began the quest for the Orb.
     0 | D:1      | Reached XP level 1. HP: 19/19 MP: 0/0
     0 | D:1      | Upgraded the game from 0.29-a0-283-ga02f740833 to
                  | 0.29-a0-284-gf9362112df
   464 | D:1      | Reached XP level 2. HP: 24/27 MP: 1/1
  1132 | D:1      | Reached ** piety under Trog
  1215 | D:2      | Reached XP level 3. HP: 32/34 MP: 2/2
  1628 | D:2      | Identified the +5 long sword of Eternal War {spect, rF++
                  | Will- Str+3 Dex+3}
  1760 | D:3      | Found a snail-covered altar of Cheibriados.
  1792 | D:3      | Reached skill level 1 in Long Blades
  1794 | D:3      | Reached XP level 4. HP: 35/41 MP: 3/3
  1840 | D:3      | Reached skill level 5 in Fighting
  1877 | D:3      | Found a faded altar of an unknown god.
  2225 | D:3      | Noticed a scorpion
  2230 | D:3      | Killed a scorpion
  2231 | D:3      | Reached XP level 5. HP: 44/49 MP: 4/4
  2590 | D:4      | Reached *** piety under Trog
  2730 | D:4      | Reached XP level 6. HP: 57/57 MP: 5/5
  3018 | D:5      | Entered Level 5 of the Dungeon
  3298 | D:5      | Noticed a yak
  3298 | D:5      | Noticed a yak
  3298 | D:5      | Noticed a yak
  3298 | D:5      | Noticed a yak
  3298 | D:5      | Noticed a yak
  3316 | D:5      | Killed a yak
  3317 | D:5      | Reached skill level 5 in Long Blades
  3319 | D:5      | Killed a yak
  3320 | D:5      | Reached XP level 7. HP: 55/66 MP: 6/6
  3324 | D:5      | Killed a yak
  3326 | D:5      | Killed a yak
  3631 | D:5      | Found a staircase to the Ecumenical Temple.
  3738 | D:5      | Reached XP level 8. HP: 75/75 MP: 7/7
  3747 | D:5      | Reached skill level 3 in Armour
  4130 | D:5      | Reached skill level 4 in Armour
  4376 | D:6      | Noticed Eustachio
  4467 | D:5      | Killed Eustachio
  4507 | D:6      | Reached skill level 5 in Armour
  4655 | D:6      | Reached **** piety under Trog
  4718 | D:6      | Found a shimmering blue altar of Sif Muna.
  4721 | D:6      | Found a sacrificial altar of Ru.
  4725 | D:6      | Reached skill level 6 in Armour
  5001 | D:6      | Found Mostras's Jewellery Shoppe.
  5072 | D:6      | Reached XP level 9. HP: 80/82 MP: 8/8
  5120 | D:6      | Reached skill level 7 in Armour
  5126 | D:6      | Found an opulent altar of Gozag.
  5161 | D:6      | Noticed Sigmund
  5181 | D:6      | Killed Sigmund
  5182 | D:6      | Reached skill level 10 in Long Blades
  5386 | D:6      | Noticed Pikel
  5392 | D:6      | Killed Pikel
  5393 | D:6      | Reached skill level 8 in Armour
  5730 | D:7      | Reached skill level 9 in Armour
  5798 | D:7      | Noticed Maggie
  5806 | D:7      | Killed Maggie
  6317 | D:7      | Found a runed translucent door.
  6318 | D:7      | Noticed Crazy Yiuf
  6326 | D:7      | Killed Crazy Yiuf
  6327 | D:7      | Reached XP level 10. HP: 71/90 MP: 9/9
  6417 | D:8      | Reached skill level 10 in Armour
  6569 | D:8      | Found an ornate altar of the Wu Jian Council.
  6594 | D:8      | Found a shimmering altar of Xom.
  6670 | D:8      | Found a sand-covered staircase.
  6683 | Ossuary  | Entered an ossuary
  6707 | Ossuary  | Reached skill level 11 in Armour
  6891 | D:8      | Noticed Gastronok
  6914 | D:8      | Killed Gastronok
  6916 | D:8      | Reached skill level 12 in Armour
  7108 | D:8      | Identified the +0 scale mail of the Sun {Int+3}
  7316 | D:9      | Reached XP level 11. HP: 94/95 MP: 10/10
  7931 | D:9      | Found a staircase to the Lair.
  8055 | D:9      | Reached skill level 13 in Armour
  8205 | D:9      | Found a staircase to the Orcish Mines.
  8222 | Lair:1   | Entered Level 1 of the Lair of Beasts
  8300 | Lair:1   | Noticed a seven-headed hydra
  8310 | Lair:1   | Killed a 19-headed hydra
  8507 | Lair:1   | Reached ***** piety under Trog
  8603 | Lair:1   | Reached skill level 10 in Fighting
  8604 | Lair:1   | Reached skill level 14 in Armour
  8698 | Lair:1   | You are sucked into a shaft and drop 1 floor!
  9131 | Orc:1    | Entered Level 1 of the Orcish Mines
  9189 | Orc:1    | Noticed Erolcha
  9227 | Orc:1    | Killed Erolcha
  9311 | D:10     | Entered Level 10 of the Dungeon
  9512 | D:10     | Noticed a two-headed ogre
  9528 | D:10     | Killed a two-headed ogre
  9602 | D:10     | Reached XP level 12. HP: 110/110 MP: 11/11
  9915 | D:10     | Reached skill level 15 in Armour
 10153 | D:11     | HP: 4/166 [skeletal warrior/+1 long sword of electrocution
                  | (20)]
 10155 | D:11     | Demolished by a skeletal warrior

Illustrated notes

Levels and vault maps discovered:
D:1:      ldierk_water_garden, layout_basic, st_stairs_4
D:2:      layout_rooms
D:3:      layout_rooms, mainiacjoe_overflow_paths,
          chequers_ecumenical_altar_simple, minivault_25, st_stairs_13
D:4:      layout_basic
D:5:      layout_basic, minmay_temple_entry_waves
D:6:      layout_gridville, jmf_multi_god_temple, overflow_temple_1_default,
          serial_shops, shop, uniq_pikel, uniq_sigmund, uniq_eustachio
D:7:      layout_basic, uniq_maggie, uniq_crazy_yiuf_cottage
D:8:      layout_rooms, nicolae_overflow_squiral, enter_ossuary_1,
          kennysheep_generic_room_6, uniq_gastronok
D:9:      layout_layer_cave, david_lair_generic, orc_0_dummy, corner_web_ring,
          chequers_serial_rivers_large_b
D:10:     layout_basic
D:11:     layout_big_octagon, nemelex_diamond_rough_becter, uniq_erica,
          uniq_snorg
Lair:1:   hellmonk_destroyed_diamonds, layout_hall_layers, ldierk_geyser
Lair:2:   layout_misc_corridors, spider_nest_entry_a, serial_rivers,
          chequers_serial_rivers_small_a, chequers_serial_rivers_large_a,
          chequers_serial_rivers_micro_b, chequers_serial_rivers_micro_c,
          chequers_serial_rivers_micro_e, chequers_serial_rivers_small_a,
          lemuel_fruit_fields
Orc:1:    layout_caves, basic_altar, kennysheep_orc_chapel, uniq_erolcha

Skill      XL: |  1  2  3  4  5  6  7  8  9 10 11 12 |
---------------+-------------------------------------+-----
Fighting       | 4 5 6 7 8 11 | 11.7
Axes           | 4 |  4.6
Long Blades    | 1 2 4 5 7 9 11 13 14 | 14.4
Armour         | 6 9 12 14 15 | 15.0
Dodging        | |  2.9

Action                   |  1- 3 |  4- 6 |  7- 9 | 10-12 || total
-------------------------+-------+-------+-------+-------++-------
Melee: Hand axe          |    64 |       |       |       ||    64
       Headbutt          |    10 |    12 |    40 |    98 ||   160
       Punch             |     1 |       |       |     7 ||     8
       Long sword        |     4 |    55 |   155 |   350 ||   564
Throw: Dart              |       |       |       |     3 ||     3
Invok: Berserk           |     2 |     2 |     6 |    14 ||    24
       Trog's Hand       |       |     1 |     2 |     1 ||     4
  Use: Scroll            |       |       |     6 |     1 ||     7
 Stab: Sleeping          |     1 |       |       |       ||     1
       Invisible         |       |       |     1 |       ||     1
       Distracted        |       |       |       |     1 ||     1
Armor: Animal skin       |     8 |       |       |       ||     8
       Ring mail         |     2 |    12 |    26 |       ||    40
       Plate armour      |       |       |    36 |   223 ||   259
Dodge: Dodged            |    55 |    34 |    69 |   141 ||   299

Table legend: (Time is in decaauts)
 A = Elapsed time spent in this place.
 B = Non-inter-level travel time spent in this place.
 C = Inter-level travel time spent in this place.
 D = Time resting spent in this place.
 E = Time spent auto-exploring this place.
 F = Levels seen in this place.
 G = Mean time per level.
                   A        B        C        D        E       F      G
               +--------+--------+--------+--------+--------+-----+--------+
         Total |  10279 |   9849 |    430 |   1360 |   5850 |  15 |  685.3 |
       Dungeon |   9159 |   8789 |    370 |   1339 |   5332 |  11 |  832.6 |
          Lair |    885 |    825 |     60 |     20 |    487 |   2 |  442.5 |
  Orcish Mines |     97 |     97 |      0 |      0 |     21 |   1 |   97.0 |
       Ossuary |    136 |    136 |      0 |      0 |     10 |   1 |  136.0 |
               +--------+--------+--------+--------+--------+-----+--------+

Top non-repeatable levels by time:
     D:5: 1494 daAuts
     D:1: 1220 daAuts
     D:6: 1100 daAuts
     D:9: 1069 daAuts
  Lair:1: 860 daAuts
     D:7: 847 daAuts
    D:10: 844 daAuts
     D:8: 722 daAuts
     D:4: 706 daAuts
     D:3: 589 daAuts
     D:2: 550 daAuts
 Ossuary: 136 daAuts
   Orc:1: 97 daAuts
  Lair:2: 25 daAuts
    D:11: 14 daAuts
